 Dungeon Crawl Stone Soup version 0.31.0-9-g3a7656b989 (webtiles) character file.

Game seed: 15200155097292847051

191 qw the Skirmisher (level 5, -3/29 HPs)
             Began as a Deep Elf Hunter on Feb 2, 2024.
             Slain by an orc priest
             ... wielding a +0 short sword
              (5 damage)
             ... on level 3 of the Dungeon.
             The game lasted 00:00:12 (2480 turns).

qw the Skirmisher (Deep Elf Hunter)                 Turns: 2480, Time: 00:00:12

Health: -3/29      AC:  7    Str: 10    XL:     5   Next: 41%
Magic:  7/7        EV: 13    Int: 14    God:
Gold:   143        SH:  0    Dex: 22    Spells: 4/4 levels left

rFire   . . .        a - +0 shortbow
rCold   . . .        (shield currently unavailable)
rNeg    . . .        c - +0 leather armour
rPois   .            e - +0 helmet
rElec   +            (no cloak)
rCorr   .            (no gloves)
SInv    +            k - +2 pair of boots
Will    +....        (no amulet)
Stlth   ++           b - ring "Bugadaj" {^Contam rElec Will+ Dex+4 SInv}
HPRegen 0.24/turn    (no ring)
MPRegen 0.10/turn

%: no passive effects
@: no status effects
A: no striking features
a: no special abilities


You were on level 3 of the Dungeon.
You visited 1 branch of the dungeon, and saw 3 of its levels.

You collected 143 gold pieces.


   Skills:
 - Level 1.5 Fighting
 + Level 8.7 Ranged Weapons
 - Level 3.0 Dodging
 - Level 1.2 Stealth


You had 4 spell levels left.
You didn't know any spells.
Your spell library was empty.

Inventory:

Hand Weapons
 a - a +0 shortbow (weapon)
Armour
 c - a +0 leather armour (worn)
 e - a +0 helmet (worn)
 k - a +2 pair of boots (worn)
 o - a +0 ring mail
Jewellery
 b - the ring "Bugadaj" (left hand) {^Contam rElec Will+ Dex+4 SInv}
   (You acquired it on level 3 of the Dungeon)

   [ring of willpower]

   Dex+4:     It affects your dexterity (+4).
   rElec:     It insulates you from electricity.
   Will+:     It increases your willpower.
   SInv:      It lets you see invisible.
   ^Contam:   It causes magical contamination when unequipped.
 p - an amulet of the acrobat
Wands
 i - a wand of flame (17)
Scrolls
 l - a scroll of identify
 n - a scroll of poison {unknown}
Potions
 d - a potion of attraction {unknown}
 f - a potion of cancellation
 g - a potion of might {unknown}
 h - a potion of enlightenment
 j - 3 potions of curing
 m - a potion of magic {unknown}

Dungeon Overview and Level Annotations

Branches:
Dungeon (3/15)

Altars:
Uskayaw

Shops:
D:2 (   D:3 *


Message History

The orc priest is severely wounded.
You shoot an arrow. The arrow hits the orc priest!
You kill the orc priest!
You have reached level 5!
You shoot an arrow. The arrow barely misses the orc wizard.
The orc wizard hits you but does no damage.
You shoot an arrow.
The arrow closely misses the orc wizard.
The orc wizard casts a spell at you.
The magic dart hits you but does no damage.
You shoot an arrow. The arrow hits the orc wizard!
The orc wizard is heavily wounded.
The orc wizard barely misses you.
You shoot an arrow. The arrow hits the orc wizard!
You kill the orc wizard!
You shoot an arrow. The arrow hits the orc priest.
The orc priest is moderately wounded.
The orc priest hits you with a +0 short sword.
You shoot an arrow. The arrow hits the orc priest.
The orc priest is heavily wounded.
The orc priest completely misses you.
You shoot an arrow.
The arrow closely misses the orc priest.
The orc priest closely misses you.
You shoot an arrow.
The arrow closely misses the orc priest.
The orc priest misses you.
You shoot an arrow. The arrow hits the orc priest.
The orc priest is severely wounded.
The orc priest mumbles some strange prayers to Beogh against you.
Beogh smites you!
You shoot an arrow.
The arrow closely misses the orc priest.
The orc priest calls down the wrath of Beogh upon you.
Beogh smites you!
You shoot an arrow.
The arrow hits the orc priest but does no damage.
The orc priest is severely wounded.
The orc priest hits you with a +0 short sword.
You die...

#.# #.####.#.#
#.## #.#
#........# #.#
#.#
######.######.#
#.# #.##.....#
#.# #.##.#####
#.# #.##.#
########.#
#.##.######
.........########
#..........
#########.....@.#
####.######
#.#####o# #.# #.#
)# #.# #.# .# #.#
#.# .# #.# #.# .#
#.# ..# .. ..#
### ##


You could see an orc priest.

Vanquished Creatures
  An orc priest (D:3)
  An orc wizard (D:3)
  An adder (D:2)
  4 gnolls (D:2)
  4 dart slugs
  A ribbon worm (D:2)
  2 orcs (D:3)
  8 ball pythons
  2 bats
  12 endoplasms
  5 giant cockroaches
  5 goblins
  7 hobgoblins
  3 jackals (D:1)
  4 quokkas
  2 frilled lizards (D:2)
  5 kobolds
  A rat (D:1)
68 creatures vanquished.

Notes
Turn   | Place    | Note
-------+----------+-------------------------------------------
     0 | D:1      | qw the Deep Elf Hunter began the quest for the Orb.
     0 | D:1      | Reached XP level 1. HP: 12/12 MP: 3/3
     0 | D:1      | 0 ||| qw: Version: 0.3-a-155-g5e7d8dd
     0 | D:1      | 0 ||| qw: Game counter: 2123
     0 | D:1      | 0 ||| qw: Melee chars always use a shield: true
     0 | D:1      | 0 ||| qw: God list: Okawaru
     0 | D:1      | 0 ||| qw: Allow faded altars: false
     0 | D:1      | 0 ||| qw: Do Orc after clearing Dungeon:15 true
     0 | D:1      | 0 ||| qw: Do second Lair branch before Depths: true
     0 | D:1      | 0 ||| qw: Lair rune preference: random
     0 | D:1      | 0 ||| qw: Goals: Normal
     0 | D:1      | 0 ||| PLANNING D:1-11
   179 | D:1      | Reached skill level 6 in Ranged Weapons
   179 | D:1      | Reached XP level 2. HP: 16/16 MP: 4/4
   494 | D:1      | Reached XP level 3. HP: 20/20 MP: 5/5
   754 | D:1      | 754 ||| UPGRADING to +0 helmet.
   759 | D:1      | 759 ||| UPGRADING to +2 pair of boots.
   764 | D:1      | 764 ||| READING scroll labelled TEFU OFATAM.
   765 | D:1      | 765 ||| READING scroll labelled ORICZE WEZE.
   766 | D:1      | 766 ||| READING scroll labelled TAISCH DIUHE.
   867 | D:1      | 867 ||| READING 3 scrolls labelled ERUNLAUCYH.
   867 | D:1      | 867 ||| IDENTIFYING 2 puce potions
   868 | D:1      | 868 ||| READING 2 scrolls of identify.
   868 | D:1      | 868 ||| IDENTIFYING 2 amethyst potions
   869 | D:1      | 869 ||| READING scroll of identify.
   869 | D:1      | 869 ||| IDENTIFYING 2 silvery potions
   870 | D:1      | 870 ||| READING scroll labelled MOBOOWIUGOTH.
   871 | D:1      | 871 ||| DROPPING scroll of butterflies.
   872 | D:1      | 872 ||| DROPPING 2 potions of brilliance.
   898 | D:2      | 898 ||| RETREEEEATING.
   900 | D:2      | 900 ||| RETREEEEATING.
   904 | D:2      | Reached skill level 7 in Ranged Weapons
   911 | D:2      | HP: 4/20 [gnoll/+1 whip of flaming (5)]
   911 | D:2      | HP: 1/20 [gnoll/+1 whip of flaming (3)]
   912 | D:2      | 912 ||| DRINKING 2 potions of heal wounds.
   914 | D:2      | 914 ||| DRINKING potion of heal wounds.
   918 | D:2      | Reached XP level 4. HP: 21/25 MP: 6/6
  1091 | D:2      | You fall into a shaft and drop 1 floor!
  1139 | D:3      | Found Oghaw's General Store.
  1153 | D:3      | 1153 ||| SHOPLISTING +0 pair of gloves "Maddigg" {rC+ SInv
                  | Stlth+} (306 gold, have 47).
  1153 | D:3      | 1153 ||| SHOPLISTING scarf of resistance (384 gold, have
                  | 47).
  1171 | D:3      | 1171 ||| READING scroll of identify.
  1171 | D:3      | 1171 ||| IDENTIFYING scroll labelled MOSTRI PIUBI
  1171 | D:3      | Identified a scroll of acquirement
  1172 | D:3      | 1172 ||| READING scroll of acquirement.
  1172 | D:3      | 1172 ||| ACQUIRING ring "Bugadaj" {^Contam rElec Will+
                  | Dex+4 SInv}
  1172 | D:3      | Acquired the ring "Bugadaj" {^Contam rElec Will+ Dex+4
                  | SInv}
  1174 | D:3      | 1174 ||| UPGRADING to ring "Bugadaj" {^Contam rElec Will+
                  | Dex+4 SInv}.
  1180 | D:3      | 1180 ||| FLEEEEING.
  1181 | D:3      | 1181 ||| STAIRDANCE
  1202 | D:2      | Identified the +1 mace "Roimpua" {protect, rElec rN+
                  | Stlth+}
  1264 | D:2      | Reached skill level 3 in Dodging
  1500 | D:2      | Found Ifauhy's Antique Weapon Boutique.
  1505 | D:2      | 1505 ||| SHOPLISTING transparent longbow (276 gold, have
                  | 99).
  1505 | D:2      | Found a hide-covered altar of Uskayaw.
  1778 | D:2      | 1778 ||| READING 2 scrolls of identify.
  1778 | D:2      | 1778 ||| IDENTIFYING inky potion
  1779 | D:2      | 1779 ||| READING scroll of identify.
  1779 | D:2      | 1779 ||| IDENTIFYING red potion
  1780 | D:2      | 1780 ||| DRINKING 2 clear potions.
  1781 | D:2      | 1781 ||| DROPPING potion of invisibility.
  1927 | D:3      | Reached skill level 8 in Ranged Weapons
  2470 | D:3      | Reached XP level 5. HP: 29/29 MP: 7/7
  2479 | D:3      | HP: 2/29 [orc priest/divine providence (12)]
  2480 | D:3      | Slain by an orc priest

Levels and vault maps discovered:
D:1:      minmay_arrival_five_plusses, layout_basic
D:2:      cheibrodos_helix_gallery, layout_basic, serial_shops, shop,
          basic_altar, nicolae_grassy_gnolls
D:3:      layout_basic, serial_shops, nicolae_shop_statue_plus

Skill      XL: |  1  2  3  4 |
---------------+-------------+-----
Ranged Weapons | 6 7 8 |  8.7
Dodging        | 3 |  3.0
Fighting       | |  1.5
Stealth        | |  1.2

Action                     |  1- 3 |  4- 6 || total
---------------------------+-------+-------++-------
   Fire: Shortbow          |    86 |   118 ||   204
    Use: Scroll            |     7 |     4 ||    11
         Potion            |     2 |     1 ||     3
 Armour: Leather armour    |    24 |    10 ||    34
  Dodge: Dodged            |    22 |    17 ||    39

Table legend:
 A = Non-vault XP
 B = Vault XP
 C = Vault XP percentage of total XP
 D = Non-vault monster count
 E = Vault monster count
 F = Vault count percentage of total count
                 A         B        C        D         E       F
            +---------+---------+-------+---------+---------+-------
      Total |     200 |      73 |  26.7 |      62 |       6 |   8.8
            +---------+---------+-------+---------+---------+-------
        D:1 |      44 |       0 |   0.0 |      22 |       0 |   0.0
        D:2 |      39 |      73 |  65.2 |      19 |       6 |  24.0
        D:3 |     117 |       0 |   0.0 |      21 |       0 |   0.0
            +---------+---------+-------+---------+---------+-------
